[ AOE2 MATCH · #490165589 ]
UnrankedItalians vs Poles
[ REPLAY ANALYSIS · EXTRACTED FROM THE RECORDED GAME ]
Feudal
—
Castle
—
Imperial
—
| APM avg | 42.0 |
| APM peak | 47 |
| eAPM avg | 11.3 |
| Villagers / military | 10 / 0 |
Focus
⚔️ 0.0% · 🌾 100.0%
Feudal
—
Castle
—
Imperial
—
| APM avg | 24.4 |
| APM peak | 30 |
| eAPM avg | 6.7 |
| Villagers / military | 7 / 0 |
Focus
⚔️ 0.0% · 🌾 100.0%
Feudal
—
Castle
—
Imperial
—
| APM avg | 33.2 |
| APM peak | 44 |
| eAPM avg | 20.2 |
| Villagers / military | 9 / 0 |
Focus
⚔️ 11.4% · 🌾 88.6%
Feudal
—
Castle
—
Imperial
—
| APM avg | 68.0 |
| APM peak | 85 |
| eAPM avg | 15.5 |
| Villagers / military | 10 / 0 |
Focus
⚔️ 35.3% · 🌾 64.7%
Feudal
—
Castle
—
Imperial
—
| APM avg | 35.3 |
| APM peak | 49 |
| eAPM avg | 9.7 |
| Villagers / military | 11 / 0 |
Focus
⚔️ 20.0% · 🌾 80.0%
Feudal
—
Castle
—
Imperial
—
| APM avg | 58.8 |
| APM peak | 80 |
| eAPM avg | 10.9 |
| Villagers / military | 7 / 0 |
Focus
⚔️ 0.0% · 🌾 100.0%
Feudal
—
Castle
—
Imperial
—
| APM avg | 9.7 |
| APM peak | 22 |
| eAPM avg | 5.0 |
| Villagers / military | 4 / 0 |
Focus
⚔️ 0.0% · 🌾 100.0%
Feudal
—
Castle
—
Imperial
—
| APM avg | 90.3 |
| APM peak | 94 |
| eAPM avg | 10.5 |
| Villagers / military | 9 / 0 |
Focus
⚔️ 0.0% · 🌾 100.0%
Match map
Initial resources + every placement click. Lines = walls · curves = elevation contours. ◆ gold · ⬟ stone · ● berries · ✦ relic · ◌ wall gap
Your base
砍死一片's base
CKD_許昌小曹's base
Dadagama's base
yuXs's base
el main de's base
卫星点灯's base
只会种田's base
Smoothed initial terrain · ◌ = detected wall gap · hover for details
Inputs per minute
— RMXs | Arobledoz - - 砍死一片
Build order — RMXs | Arobledoz
12 actions detected in the replay
| 0:05 | Create | Villager (Male) |
| 0:05 | Create | Villager (Male) |
| 0:06 | Create | Villager (Male) |
| 0:06 | Create | Villager (Male) |
| 0:10 | Build | House |
| 0:40 | Build | House |
| 1:21 | Create | Villager (Male) |
| 1:22 | Create | Villager (Male) |
| 2:04 | Create | Villager (Male) |
| 2:04 | Create | Villager (Male) |
| 2:19 | Create | Villager (Male) |
| 2:19 | Create | Villager (Male) |
Build order — 砍死一片
9 actions detected in the replay
| 0:03 | Create | Villager (Male) |
| 0:03 | Create | Villager (Male) |
| 0:04 | Create | Villager (Male) |
| 0:04 | Create | Villager (Male) |
| 0:04 | Create | Villager (Male) |
| 0:07 | Build | House |
| 0:10 | Build | House |
| 1:24 | Create | Villager (Male) |
| 1:25 | Create | Villager (Male) |
Build order — CKD_許昌小曹
12 actions detected in the replay
| 0:04 | Build | House |
| 0:07 | Build | House |
| 0:13 | Create | Villager (Male) |
| 0:13 | Create | Villager (Male) |
| 0:14 | Create | Villager (Male) |
| 0:14 | Create | Villager (Male) |
| 0:14 | Create | Villager (Male) |
| 0:15 | Create | Villager (Male) |
| 0:50 | Research | Loom |
| 0:53 | Create | Villager (Male) |
| 0:53 | Create | Villager (Male) |
| 1:03 | Create | Villager (Male) |
Build order — Dadagama
12 actions detected in the replay
| 0:00 | Create | Villager (Male) |
| 0:00 | Create | Villager (Male) |
| 0:01 | Create | Villager (Male) |
| 0:02 | Build | House |
| 0:04 | Build | House |
| 0:16 | Create | Villager (Male) |
| 0:17 | Create | Villager (Male) |
| 1:33 | Create | Villager (Male) |
| 1:33 | Create | Villager (Male) |
| 2:16 | Create | Villager (Male) |
| 2:16 | Create | Villager (Male) |
| 2:16 | Create | Villager (Male) |
Build order — yuXs
7 actions detected in the replay
| 0:03 | Build | House |
| 0:05 | Build | House |
| 0:06 | Create | Villager (Male) ×4 |
| 0:06 | Create | Villager (Male) ×4 |
| 1:42 | Create | Villager (Male) |
| 1:43 | Create | Villager (Male) |
| 2:05 | Create | Villager (Male) |
Build order — el main de
10 actions detected in the replay
| 0:01 | Create | Villager (Male) |
| 0:02 | Build | House |
| 0:03 | Build | House |
| 0:49 | Create | Villager (Male) |
| 0:49 | Create | Villager (Male) |
| 0:50 | Create | Villager (Male) |
| 1:39 | Create | Villager (Male) |
| 2:07 | Create | Villager (Male) |
| 2:07 | Create | Villager (Male) |
| 2:09 | Build | Lumber Camp |
Build order — 卫星点灯
5 actions detected in the replay
| 0:05 | Create | Villager (Male) |
| 0:05 | Create | Villager (Male) |
| 0:07 | Build | House |
| 0:35 | Create | Villager (Male) |
| 0:36 | Create | Villager (Male) |
Build order — 只会种田
12 actions detected in the replay
| 0:01 | Create | Villager (Male) |
| 0:02 | Create | Villager (Male) |
| 0:04 | Build | House |
| 0:06 | Build | House |
| 0:09 | Create | Villager (Male) |
| 0:09 | Create | Villager (Male) |
| 0:09 | Create | Villager (Male) |
| 1:41 | Create | Villager (Male) |
| 1:41 | Create | Villager (Male) |
| 1:46 | Build | Lumber Camp |
| 1:59 | Create | Villager (Male) |
| 2:00 | Create | Villager (Male) |
Match timeline
| 1:30 | 卫星点灯 · resign |
[ AI ANALYSIS · 1 CREDIT ]
What really happened in this match?
Wolo.gg analyzes every decision: build order, eco, micro, common mistakes by bracket. Personalized analysis on WhatsApp or Discord in 30 seconds.
Civ guide
Italians
Perfil
Jugador #4232730